 Dungeon Crawl Stone Soup version 0.30-a0-1043-g60ff8d5f49 (webtiles) character file.

Game seed: 14586415960784819826

123513 DeathPants the Lord of Darkness (level 16, -14/140 HPs)
             Began as a Naga Venom Mage on Apr 9, 2023.
             Was the Champion of Kikubaaqudgha.
             Demolished by a naga warrior
             ... wielding a +0 halberd
              (34 damage)
             ... on level 1 of the Snake Pit.
             The game lasted 01:58:28 (34324 turns).

DeathPants the Lord of Darkness (Naga Venom Mage)  Turns: 34324, Time: 01:58:29

Health: -14/140    AC: 21    Str: 18    XL:     16   Next: 90%
Magic:  33/39      EV: 10    Int: 22    God:    Kikubaaqudgha [******]
Gold:   703        SH:  0    Dex: 12    Spells: 2/35 levels left

rFire   . . .      SeeInvis +    b - +7 lajatang of Order {silver, rMut}
rCold   . . .      Faith    .    (shield currently unavailable)
rNeg    . . .      Spirit   .    Z - +0 troll leather armour
rPois   +          Reflect  .    F - +1 helmet
rElec   +          Rampage  .    (no cloak)
rCorr   .                        (no gloves)
rMut    +                        r - +6 lightning scales {swift, rElec}
Will    ++...                    (no amulet)
Stlth   ++                       q - ring of magical power
HPRegen 1.23/turn                E - ring "Neter" {EV+5 Str+4 Int+2 Stlth+}
MPRegen 0.26/turn

@: confused, lethally poisoned (-14 -> -14), death channelling, ambrosia-drunk,
constricted, slow
A: AC +5, large, see invisible, deformed body, poison resistance, slowness 2,
spit poison 1, naga tail 2
a: Spit Poison, Renounce Religion, Unearth Wretches, Torment


You were on level 1 of the Snake Pit.
You worshipped Kikubaaqudgha.
Kikubaaqudgha was exalted by your worship.
You visited 5 branches of the dungeon, and saw 24 of its levels.
You also visited: Ossuary.

You collected 2234 gold pieces.
You spent 1531 gold pieces at shops.

Inventory:

Hand Weapons
 a - a +5 flail of protection
 b - the +7 lajatang of Order (weapon) {silver, rMut}
   (You bought it in a shop on level 2 of the Orcish Mines)

   rMut:      It protects you from mutation.
 B - a +3 war axe
Missiles
 d - 6 javelins
 f - 17 boomerangs
 m - 3 curare-tipped darts
 n - 3 silver javelins
 o - 2 throwing nets
Armour
 r - the +6 lightning scales (worn) {swift, rElec}
   (You acquired it on level 2 of the Dungeon)

   Swift:     It allows the wearer to cover ground more swiftly.
   rElec:     It insulates you from electricity.
 F - a +1 helmet (worn)
 N - a +2 robe of resistance
 U - an orb of energy
 Z - a +0 troll leather armour (worn)
Magical Staves
 i - a staff of death
Jewellery
 q - a ring of magical power (left hand)
 y - a ring of the Octopus King {HP+2 MP+9 AC+2 EV+2 SH+2}
   (You found it on level 5 of the Lair of Beasts)

   [ring of magical power]

   AC:        It affects your AC (+2).
   EV:        It affects your evasion (+2).
   HP:        It affects your health (+2).
   MP:        It affects your magic capacity (+9).
   SH:        It affects your SH (+2).
 D - a ring of protection from fire
 E - the ring "Neter" (right hand) {EV+5 Str+4 Int+2 Stlth+}
   (You bought it in a shop on level 2 of the Orcish Mines)

   [ring of evasion]

   EV:        It affects your evasion (+5).
   Str:       It affects your strength (+4).
   Int:       It affects your intelligence (+2).
   Stlth:     It makes you more stealthy.
 Q - a ring of positive energy
Wands
 c - a wand of roots (7)
 x - a wand of paralysis (17)
 A - a wand of mindburst (30)
 I - a wand of flame (42)
 Y - a wand of polymorph (4)
Scrolls
 g - 2 scrolls of enchant weapon
 p - 7 scrolls of vulnerability
 s - 12 scrolls of teleportation
 v - a scroll of silence
 G - a scroll of poison
 J - 3 scrolls of magic mapping
 M - 2 scrolls of fog
 O - 7 scrolls of identify
 W - a scroll of torment
Potions
 e - 9 potions of ambrosia
 h - 3 potions of cancellation
 j - 6 potions of flight
 k - 3 potions of haste
 l - 13 potions of curing
 t - 7 potions of brilliance
 u - 2 potions of resistance
 z - 2 potions of invisibility
 C - 3 potions of mutation
 H - a potion of magic
 R - a potion of might
 V - 4 potions of attraction
 X - a potion of berserk rage
Miscellaneous
 T - a lightning rod (4/4)


   Skills:
 - Level 8.0 Fighting
 - Level 14.0(14.2) Maces & Flails
 + Level 4.5(10.2) Staves
 - Level 4.2 Armour
 - Level 4.0 Dodging
 - Level 8.0 Stealth
 - Level 10.1 Spellcasting
 - Level 4.0 Conjurations
 - Level 15.0 Necromancy
 - Level 1.0 Transmutations
 - Level 10.0 Ice Magic
 - Level 4.0 Air Magic
 - Level 8.0 Earth Magic
 - Level 10.0 Poison Magic


You had 2 spell levels left.
You knew the following spells:

 Your Spells              Type           Power      Damage    Failure   Level
a - Sublimation of Blood  Necr           67%        N/A       1%          2
b - Mephitic Cloud        Conj/Pois/Air  37%        N/A       1%          3
c - Vampiric Draining     Necr           67%        2d10      1%          3
d - Olgreb's Toxic Radia  Pois           53%        N/A       1%          4
e - Dispel Undead         Necr           67%        3d23      1%          4
f - Borgnjor's Vile Clut  Necr/Erth      29%        N/A       1%          5
g - Death Channel         Necr           33%        N/A       2%          6
h - Simulacrum            Ice/Necr       30%        N/A       6%          6

Your spell library contained the following spells:

 Spells                   Type           Power      Damage    Failure   Level
 Necrotise                Necr           100%       1d9       0%          1
 Sandblast                Erth           92%        2d19      1%          1
 Sting                    Tmut/Pois      100%       1d8       1%          1
 Cigotuvi's Dreadful Rot  Necr/Pois/Air  100%       N/A       1%          2
 Passwall                 Tmut/Erth      25%        N/A       1%          2
 Poisonous Vapours        Pois/Air       82%        N/A       1%          2
 Apportation              Tloc           22%        N/A       7%          1
 Lesser Beckoning         Tloc           22%        N/A       11%         2
 Stone Arrow              Conj/Erth      74%        3d11      1%          3
 Agony                    Necr           67%        N/A       1%          5
 Anguish                  Hex/Necr       22%        N/A       3%          4
 Lee's Rapid Deconstruct  Erth           23%        3d13*     8%          5
 Dazzling Flash           Conj/Hex       38%        N/A       10%         3
 Petrify                  Tmut/Erth      30%        N/A       11%         4
 Leda's Liquefaction      Hex/Erth       14%        N/A       14%         4
 Freezing Cloud           Conj/Ice/Air   18%        6-21      17%         5
 Alistair's Intoxication  Tmut/Pois      23%        N/A       21%         5
 Gell's Gravitas          Tloc           11%        N/A       22%         3
 Teleport Other           Tloc           11%        N/A       22%         3
 Volatile Blastmotes      Fire/Tloc      22%        2d11      22%         3
 Metabolic Englaciation   Hex/Ice        16%        N/A       26%         5
 Iskenderun's Mystic Bla  Conj/Tloc      19%        2d6       30%         4
 Cause Fear               Hex            5%         N/A       56%         4
 Silence                  Hex/Air        9%         N/A       65%         5
 Borgnjor's Revivificati  Necr           33%        N/A       69%         8
 Infestation              Necr           33%        N/A       69%         8
 Eringya's Noxious Bog    Tmut/Pois      17%        N/A       75%         6
 Statue Form              Tmut/Erth      20%        N/A       86%         6
 Summon Forest            Summ/Tloc      5%         N/A       89%         5
 Haunt                    Necr/Summ      22%        N/A       95%         7
 Starburst                Conj/Fire      9%         6d5       99%         6
 Dispersal                Tloc           5%         N/A       100%        6
 Dragon Form              Tmut           7%         N/A       100%        7
 Summon Hydra             Summ           5%         N/A       100%        7
 Necromutation            Tmut/Necr      23%        N/A       100%        8
 Death's Door             Necr           33%        N/A       100%        9
 Dragon's Call            Summ           5%         N/A       100%        9


Dungeon Overview and Level Annotations

Branches:
Dungeon (15/15)            Temple (1/1) D:7            Lair (5/5) D:11
  Swamp (0/4) Lair:2        Snake (1/4) Lair:3        Slime (0/5) Lair:4
    Orc (2/2) D:9             Elf (0/3) Orc:2        Vaults (0/5) D:14
 Depths (0/4) D:15        Ossuary (visited)

Altars:
Ashenzari
Cheibriados
Dithmenos
Elyvilon
Fedhas
Gozag
Hepliaklqana
Kikubaaqudgha
Makhleb
Nemelex Xobeh
Okawaru
Ru
Sif Muna
Trog
Uskayaw
Vehumet
Wu Jian
Xom
Yredelemnul
Zin
The Shining One
Jiyva

Shops:
D:6 *   Orc:2 (=**=

Annotations:
D:8 1 transporter
D:11 2 transporters, exclusion: ice statue, Dutom's ghost, journeyman DsFi


Innate Abilities, Weirdness & Mutations

Your serpentine skin is tough. (AC +5)
You have supernaturally acute eyesight. (SInv)
Armour fits poorly on your strangely shaped body.
Your system is resistant to poisons. (rPois)
You cover ground very slowly.
You can spit poison.
You can use your snake-like lower body to constrict enemies.


Message History

* * * LOW HITPOINT WARNING * * *
The guardian serpent completely misses you.
Are you sure you want to stumble around while confused and next to your black mamba simulacrum? [Y]es or [N]o only, please.
Are you sure you want to stumble around while confused and next to your black mamba simulacrum? [Y]es or [N]o only, please.
Are you sure you want to stumble around while confused and next to your black mamba simulacrum?
Okay, then.
Are you sure you want to stumble around while confused and next to your black mamba simulacrum? [Y]es or [N]o only, please.
Are you sure you want to stumble around while confused and next to your black mamba simulacrum?
Okay, then.
You constrict the naga.
You feel sick.
Your black mamba simulacrum barely misses the naga warrior.
The guardian serpent barely misses you.
The naga hits you with a +0 flail of protection.
* * * LOW HITPOINT WARNING * * *
The naga constricts you.
* * * LOW HITPOINT WARNING * * *
The naga warrior barely misses your black mamba simulacrum.
The naga warrior constricts your black mamba simulacrum.
The naga warrior closely misses you. The naga closely misses you.
Your black mamba simulacrum barely misses the naga warrior.
The guardian serpent hits you.
* * * LOW HITPOINT WARNING * * *
You feel much better.
You constrict the naga, but do no damage.
You feel sick.
Your black mamba simulacrum bites the naga warrior.
Your black mamba simulacrum freezes the naga warrior!!
The naga warrior dies!
Kikubaaqudgha accepts your kill.
A glowing mist starts to gather...
The naga hits you with a +0 flail of protection!
* * * LOW HITPOINT WARNING * * *
The naga constricts you.
* * * LOW HITPOINT WARNING * * *
The naga warrior hits you with a +0 halberd!!
You die...
Kikubaaqudgha rasps: "You have failed me!
Welcome... death!"

#.... .## #.#..#
..## #.
#.....#...##..
#.............
##............#
#...Z........#
......)ZS..#
.......@N..#
##.....NN.##
##........#
#........##
.......†##
........#######
.#............##
#......#####..#
#......# ##.####


You could see a naga warrior (strong), a guardian serpent, 2 nagas, a friendly
spectral naga warrior and a friendly black mamba simulacrum.

Vanquished Creatures
  Jorgrun (D:13)
  Frances (D:12)
  Gastronok (Lair:2)
  An ironbound preserver (D:14)
  A stone giant (D:15)
  Nessos (Lair:3)
  Azrael (D:12)
  Josephine (Lair:3)
  Erolcha (D:10)
  5 ogre magi
  A merfolk aquamancer (D:12)
  A merfolk avatar (Lair:5)
  7 centaur warriors
  10 hydras
  Erica (Orc:1)
  7 boulder beetles
  8 two-headed ogres
  7 death yaks
  A naga warrior (Snake:1)
  4 tengu warriors
  Nergalle (D:11)
  A skyshark (Lair:5)
  A fire crab (Lair:3)
  Sonja (Orc:1)
  A sea snake (Lair:5)
  2 orc knights
  A wizard (D:15)
  Pikel (D:7)
  2 deep elf pyromancers
  2 harpies (Lair:5)
  4 mana vipers (Snake:1)
  6 ugly things
  2 elephants
  6 cyclopes
  A salamander (Snake:1)
  3 manticores
  3 black mambas
  2 water nymphs (D:12)
  3 torpor snails
  4 gargoyles
  14 cane toads
  7 rime drakes
  A kobold demonologist (D:8)
  13 komodo dragons
  2 tengu conjurers
  8 trolls
  3 meliai (D:14)
  3 tyrant leeches (Lair:2)
  A queen bee (D:14)
  2 wind drakes (Lair:5)
  A hornet (D:8)
  A polar bear (Lair:2)
  A snapping turtle (Lair:5)
  16 dream sheep
  14 blink frogs
  A shadow (D:13)
  77 yaks
  20 slime creatures
  A vampire (D:11)
  3 fire elementals (D:11)
  7 wraiths
  8 wyverns
  5 basilisks
  A death yak simulacrum (Lair:4)
  5 steam dragons
  11 vampire mosquitoes
  Menkaure (Ossuary)
  A swamp worm (Lair:2)
  4 acid dragons
  6 wargs
  4 hell hounds
  2 nagas (Snake:1)
  23 water moccasins
  Duvessa (D:6)
  2 ice beasts (D:6)
  21 orc warriors
  A sky beast (D:7)
  24 ogres
  4 boggarts (D:15)
  31 wolves
  7 centaurs
  A lemure (D:7)
  2 phantoms
  12 kobold brigands
  17 bullfrogs
  2 gnoll sergeants
  5 scorpions
  4 wights (D:6)
  Dowan (D:6)
  An elephant simulacrum (Lair:4)
  22 killer bees
  4 electric eels
  2 howler monkeys (D:7)
  2 hounds
  12 jellies
  18 orc priests
  2 sleepcaps (D:4)
  3 iguanas
  20 orc wizards
  2 wolf simulacra (Lair:4)
  3 mummies (Ossuary)
  15 gnolls
  7 adders
  2 ufetubi (D:5)
  2 worms
  4 dart slugs
  92 orcs
  6 ball pythons
  4 bats
  20 endoplasms
  A giant cockroach (D:4)
  9 goblins
  7 hobgoblins
  6 jackals
  6 quokkas
  2 training dummies (D:6)
  2 frilled lizards (D:1)
  4 gnoll skeletons (Ossuary)
  8 gnoll zombies (Ossuary)
  8 goblin skeletons (Ossuary)
  4 goblin zombies (Ossuary)
  A hobgoblin skeleton (Ossuary)
  2 hobgoblin zombies (Ossuary)
  21 kobolds
  5 kobold skeletons (Ossuary)
  6 kobold zombies (Ossuary)
  4 orc skeletons (Ossuary)
  3 orc zombies (Ossuary)
  6 rats
  3 rat skeletons (Ossuary)
  2 rat zombies (Ossuary)
863 creatures vanquished.

Vanquished Creatures (collateral kills)
  An orc warlord (Orc:2)
  2 naga warriors (Snake:1)
  7 two-headed ogres (Orc:2)
  6 mana vipers (Snake:1)
  A cyclops (Orc:1)
  A black mamba (Snake:1)
  A warg (Orc:2)
  A naga (Snake:1)
  3 orc warriors
  6 ogres
  An orc priest (Orc:2)
  2 orc wizards (Orc:2)
  4 orcs
36 creatures vanquished.

Vanquished Creatures (others)
  A two-headed ogre (Orc:2)
  A deep elf pyromancer (D:15)
  A water elemental (D:11)
  2 orc warriors (Orc:2)
  An ogre (Orc:2)
  A boggart (D:15)
  A centaur (D:13)
  38 fungi
  65 plants
111 creatures vanquished.

Grand Total: 1010 creatures vanquished

Notes
Turn   | Place    | Note
-------+----------+-------------------------------------------
     0 | D:1      | DeathPants the Naga Venom Mage began the quest for the Orb.
     0 | D:1      | Reached XP level 1. HP: 15/15 MP: 3/3
   252 | D:1      | Reached XP level 2. HP: 22/22 MP: 1/5
   318 | D:1      | Learned a level 2 spell: Poisonous Vapours
   434 | D:1      | Reached skill level 5 in Poison Magic
   978 | D:1      | Reached XP level 3. HP: 27/28 MP: 3/6
  1177 | D:2      | Learned a level 3 spell: Mephitic Cloud
  1715 | D:2      | Reached skill level 1 in Air Magic
  1715 | D:2      | Reached XP level 4. HP: 35/36 MP: 4/7
  1770 | D:2      | Identified the +2 scale mail of Girameq {Harm}
  2428 | D:2      | Identified 3 scrolls of acquirement
  2428 | D:2      | Acquired a ring of magical power
  2491 | D:2      | Acquired the +6 lightning scales {swift, rElec}
  2491 | D:2      | Found the +6 lightning scales {swift, rElec}
  2498 | D:2      | Acquired a +4 flail of protection
  2584 | D:3      | Found a broken altar of Ashenzari.
  2722 | D:3      | Reached XP level 5. HP: 40/42 MP: 8/8
  3257 | D:5      | Entered Level 5 of the Dungeon
  3520 | D:4      | Reached XP level 6. HP: 49/49 MP: 10/10
  3566 | D:5      | Found a shadowy altar of Dithmenos.
  3859 | D:4      | Reached skill level 1 in Conjurations
  3923 | D:4      | Found a burning altar of Makhleb.
  4279 | D:4      | Noticed a water moccasin
  4292 | D:4      | Killed a water moccasin
  4293 | D:4      | Reached XP level 7. HP: 50/55 MP: 12/12
  4549 | D:6      | Found a sand-covered staircase.
  4557 | Ossuary  | Entered an ossuary
  4943 | Ossuary  | Noticed Menkaure
  4949 | Ossuary  | Reached skill level 5 in Spellcasting
  4957 | Ossuary  | Killed Menkaure
  4958 | Ossuary  | Reached XP level 8. HP: 35/62 MP: 16/16
  5706 | D:5      | Found an opulent altar of Gozag.
  6167 | D:5      | Learned a level 4 spell: Olgreb's Toxic Radiance
  6249 | D:6      | Found Fisuf's Assorted Antiques.
  6262 | D:6      | Bought a scroll labelled YCWESO WOI for 26 gold pieces
  6282 | D:6      | Noticed Duvessa
  6282 | D:6      | Noticed Dowan
  6290 | D:6      | Killed Duvessa
  6292 | D:6      | Killed Dowan
  6293 | D:6      | Reached skill level 1 in Fighting
  6516 | D:6      | Reached XP level 9. HP: 69/78 MP: 18/18
  6844 | D:6      | Found a sparkling altar of Nemelex Xobeh.
  7017 | D:6      | Reached skill level 5 in Fighting
  7156 | D:7      | Found a white marble altar of Elyvilon.
  7157 | D:7      | Found a radiant altar of Vehumet.
  7615 | D:7      | Found a staircase to the Ecumenical Temple.
  7665 | Temple   | Entered the Ecumenical Temple
  8111 | D:7      | Reached skill level 1 in Maces & Flails
  8120 | D:7      | Found a shimmering altar of Xom.
  8327 | D:7      | Noticed Pikel
  8343 | D:7      | Killed Pikel
  8344 | D:7      | Reached XP level 10. HP: 88/96 MP: 19/19
  8480 | D:7      | Found a blossoming altar of Fedhas.
  8607 | D:8      | Found an ancient bone altar of Kikubaaqudgha.
  8646 | D:8      | Became a worshipper of Kikubaaqudgha
  8683 | D:8      | Reached skill level 5 in Maces & Flails
  8695 | D:8      | Found a glowing golden altar of the Shining One.
  8851 | D:8      | Noticed a kobold demonologist
  8861 | D:8      | Killed a kobold demonologist
  8862 | D:8      | Reached skill level 5 in Stealth
  9063 | D:8      | Reached * piety under Kikubaaqudgha
  9063 | D:8      | Received a gift from Kikubaaqudgha
  9146 | D:8      | Learned a level 2 spell: Sublimation of Blood
  9150 | D:8      | Learned a level 3 spell: Vampiric Draining
  9725 | D:8      | Found a transporter.
 10072 | D:10     | Entered Level 10 of the Dungeon
 10253 | D:9      | Reached ** piety under Kikubaaqudgha
 10260 | D:9      | Reached XP level 11. HP: 69/103 MP: 13/20
 10423 | D:9      | Found a viscous altar of Jiyva.
 10457 | D:9      | Found a staircase to the Orcish Mines.
 11100 | D:11     | Found a transporter.
 11208 | D:10     | Found a snail-covered altar of Cheibriados.
 11215 | D:10     | Reached skill level 10 in Poison Magic
 11406 | D:10     | Found an iron altar of Okawaru.
 11734 | D:10     | Found a bloodstained altar of Trog.
 11827 | D:10     | Noticed Erolcha
 11837 | D:10     | Killed Erolcha
 12060 | D:11     | Reached skill level 1 in Necromancy
 12347 | D:11     | Noticed a boulder beetle
 12365 | D:11     | Killed a boulder beetle
 12366 | D:11     | Reached skill level 2 in Necromancy
 12397 | D:11     | Noticed Nergalle
 12424 | D:11     | Killed Nergalle
 12425 | D:11     | Reached skill level 3 in Necromancy
 12484 | D:11     | Reached skill level 4 in Necromancy
 12484 | D:11     | Reached *** piety under Kikubaaqudgha
 12484 | D:11     | Received a gift from Kikubaaqudgha
 12501 | D:11     | Learned a level 4 spell: Dispel Undead
 12702 | D:11     | Reached skill level 5 in Necromancy
 13028 | D:11     | Noticed a manticore
 13051 | D:11     | Reached XP level 12. HP: 105/110 MP: 24/24
 13055 | D:11     | Reached skill level 6 in Necromancy
 13090 | D:11     | Reached skill level 7 in Necromancy
 13097 | D:11     | Found a staircase to the Lair.
 13322 | D:11     | Noticed a centaur warrior
 13326 | D:11     | Noticed Dutom's ghost (journeyman DsFi)
 13335 | D:11     | Noticed a two-headed ogre
 13338 | D:11     | Found a transporter.
 13723 | Lair:1   | Entered Level 1 of the Lair of Beasts
 13783 | Lair:1   | Reached skill level 8 in Necromancy
 14096 | Lair:2   | Noticed a six-headed hydra
 14108 | Lair:2   | Killed a six-headed hydra
 14402 | Lair:2   | Reached skill level 9 in Necromancy
 14489 | Lair:1   | Got Irphog's Cyclopedia of Rotting Quicksand
 14497 | Lair:1   | Learned a level 6 spell: Death Channel
 15658 | Lair:3   | Noticed Gastronok
 15658 | Lair:3   | Noticed a five-headed hydra
 15681 | Lair:2   | Killed a five-headed hydra
 15934 | Lair:2   | Killed Gastronok
 16138 | Lair:2   | Noticed a death yak
 16139 | Lair:2   | Noticed a death yak
 16142 | Lair:2   | Noticed a death yak
 16155 | Lair:2   | Killed a death yak
 16156 | Lair:2   | Reached skill level 10 in Necromancy
 16171 | Lair:2   | Killed a death yak
 16173 | Lair:2   | Killed a death yak
 16588 | Lair:3   | Reached **** piety under Kikubaaqudgha
 16589 | Lair:3   | Reached skill level 10 in Spellcasting
 16589 | Lair:3   | Gained mutation: You can use your snake-like lower body to
                  | constrict enemies. [Naga growth]
 16589 | Lair:3   | Reached XP level 13. HP: 117/117 MP: 16/27
 16932 | Lair:2   | Found a staircase to the Swamp.
 17482 | Lair:3   | Reached skill level 10 in Maces & Flails
 18220 | Lair:4   | Reached ***** piety under Kikubaaqudgha
 19308 | Lair:3   | Noticed Josephine
 19322 | Lair:3   | Killed Josephine
 19323 | Lair:3   | Reached XP level 14. HP: 120/126 MP: 27/28
 19450 | Lair:3   | Found a staircase to the Snake Pit.
 19479 | Lair:3   | Noticed Nessos
 19504 | Lair:3   | Killed Nessos
 20294 | Lair:5   | Entered Level 5 of the Lair of Beasts
 20610 | Lair:4   | Reached skill level 11 in Necromancy
 21439 | Lair:5   | Reached ****** piety under Kikubaaqudgha
 21806 | Lair:5   | Reached skill level 12 in Necromancy
 21836 | Lair:4   | Found a viscous altar of Jiyva.
 21836 | Lair:4   | Found a staircase to the Slime Pits.
 22544 | Lair:4   | Found a blossoming altar of Fedhas.
 23041 | Lair:5   | Reached skill level 13 in Necromancy
 23715 | Lair:5   | Found the ring of the Octopus King
 23897 | Lair:5   | Identified a ring of the Octopus King {HP+2 MP+9 AC+2 EV+2
                  | SH+2}
 23959 | Lair:5   | Reached skill level 14 in Necromancy
 24077 | Lair:5   | Reached XP level 15. HP: 132/132 MP: 29/29
 24830 | D:12     | Noticed Azrael
 25230 | D:11     | HP: 6/134 [fire elemental[Azrael] (13)]
 25230 | D:11     | HP: 1/134 [fire elemental[Azrael] (5)]
 25680 | D:12     | Noticed Frances
 25791 | D:12     | Killed Frances
 25890 | D:12     | Reached skill level 15 in Necromancy
 25896 | D:12     | Learned a level 5 spell: Borgnjor's Vile Clutch
 26066 | D:12     | Reached skill level 1 in Earth Magic
 26481 | D:12     | Killed Azrael
 27770 | D:12     | Reached skill level 5 in Earth Magic
 28276 | D:13     | Identified the +8 long sword of Salt {heavy, *Noise rElec
                  | rC+ rN+}
 28373 | D:13     | Noticed Jorgrun
 28393 | D:13     | Killed Jorgrun
 29856 | D:14     | Learned a level 6 spell: Simulacrum
 29996 | D:14     | Reached skill level 1 in Ice Magic
 30185 | D:14     | Found a gate to the Vaults.
 30310 | D:15     | Entered Level 15 of the Dungeon
 30313 | D:14     | Received a gift from Kikubaaqudgha
 30569 | D:14     | Found a bloodstained altar of Trog.
 30757 | D:14     | Reached skill level 5 in Ice Magic
 30954 | D:15     | Reached XP level 16. HP: 140/140 MP: 30/30
 31392 | D:15     | Found a staircase to the Depths.
 31970 | Orc:1    | Entered Level 1 of the Orcish Mines
 31970 | Orc:1    | Noticed Erica
 31985 | Orc:1    | Killed Erica
 32259 | Orc:1    | Noticed Sonja
 32269 | Orc:1    | Killed Sonja
 32423 | Orc:2    | Entered Level 2 of the Orcish Mines
 32843 | Orc:2    | Found a staircase to the Elven Halls.
 32978 | Orc:1    | Found a bloodstained altar of Trog.
 33271 | Orc:2    | Reached skill level 10 in Ice Magic
 33273 | Orc:2    | Reached skill level 1 in Armour
 33311 | Orc:2    | Paralysed by an ogre mage for 2 turns
 33336 | Orc:2    | Found Yffots's General Store.
 33336 | Orc:2    | Found Koetydiu's Jewellery Shoppe.
 33347 | Orc:2    | Found Neag's General Store.
 33347 | Orc:2    | Found Riggiem's Jewellery Emporium.
 33499 | Orc:2    | Found Namuepu's Weapon Shoppe.
 33517 | Orc:2    | Bought the +7 lajatang of Order {silver, rMut} for 688 gold
                  | pieces
 33517 | Orc:2    | Found the +7 lajatang of Order {silver, rMut}
 33753 | Orc:2    | Bought the ring "Neter" {EV+5 Str+4 Int+2 Stlth+} for 817
                  | gold pieces
 34001 | Snake:1  | Entered Level 1 of the Snake Pit
 34062 | Snake:1  | Reached skill level 1 in Staves
 34323 | Snake:1  | HP: 7/140 [constriction (2)]
 34323 | Snake:1  | HP: 2/140 [guardian serpent (5)]
 34324 | Snake:1  | Demolished by a naga warrior

Illustrated notes

Levels and vault maps discovered:
D:1:      wander_arrival_peaceful_grave, layout_rooms, minmay_tetromino_s4
D:2:      layout_loops_ring, chequers_serial_rivers_room_a,
          amcnicky_mini_corridor_feature
D:3:      layout_loops_ring, nicolae_overflow_hidden_temple
D:4:      minmay_inner_zag, layout_basic, mainiacjoe_overflow_cross_hatched,
          kennysheep_generic_room_16
D:5:      layout_gridville, grunt_dithmenos_smoke, kennysheep_mini
D:6:      dreamdust_elfheim, layout_cave_pools, mainiacjoe_overflow_24_doors,
          serial_shops, shop, serial_rivers, chequers_serial_rivers_small_b,
          chequers_serial_rivers_marsh, chequers_serial_rivers_room_b,
          chequers_serial_rivers_large_a, chequers_serial_rivers_micro_a,
          chequers_serial_rivers_micro_b, nicolae_ossuary_entry_plus
D:7:      cheibrodos_steamvent, layout_basic, fedhas_altar_3, tgw_xom,
          mainiacjoe_overflow_divided_tiny, minmay_temple_entry_gardened_gates,
          kb_lookout_dungeons_type, uniq_pikel
D:8:      layout_loops_ring, amcnicky_altar_gilded, tso_metal_star, special_room
          [special_room_kobold], nicolae_diode_basic
D:9:      layout_roguey [special_room_orc], erik_orc_4, jiyva_altar_1
D:10:     layout_roguey, mainiacjoe_overflow_catwalk, okawaru_metal_pillars_1_2,
          cheibriados_altar_1, minivault_11,
          nicolae_concentric_dashed_squares_wild, uniq_erolcha
D:11:     layout_basic, minmay_lair_entry_grove, nzn_ghost_randoct,
          columned_hall_lemuel, uniq_nergalle
D:12:     lemuel_slime, layout_basic, nicolae_splish_splash, uniq_azrael,
          uniq_frances
D:13:     layout_cross, uniq_jorgrun
D:14:     layout_cave_pods, skrybe_vaults_entry_preservation, special_room
          [special_room_bee], grunt_decor_junction, trog_butcher_becter
D:15:     grunt_enter_depths_snipers, layout_basic
Temple:   nicolae_temple_great_sept
Lair:1:   layout_layer_cave, minmay_stone_trees_large, grunt_megastairs_4,
          serial_bayou_shore_a
Lair:2:   layout_regular_city, minmay_swamp_entry_worms, serial_bayou_pond_a,
          grunt_megastairs_5
Lair:3:   nzn_winding_woodlands_stair_cross [nzn_winding_woodlands_5x15_eye,
          nzn_winding_woodlands_center_pierced_h,
          nzn_winding_woodlands_5x15_river_crossing,
          nzn_winding_woodlands_5x5_cross, nzn_winding_woodlands_5x5_open_star,
          nzn_winding_woodlands_5x15_default,
          nzn_winding_woodlands_center_garden,
          nzn_winding_woodlands_5x15_longhouse], layout_cave_pods,
          enter_volcano_2, dreamdust_mushroom_princess,
          grunt_forest_large_clearings, uniq_nessos, uniq_gastronok,
          uniq_josephine
Lair:4:   layout_hall_layers, slime_entry_1,
          portal_ice_cave_entry_ice_simulacra, basic_altar,
          pdpol_lair_cavern_descent, infiniplex_staircase_pool
Lair:5:   gammafunk_lair_ancient_temple, layout_long_grid
Snake:1:  layout_grid_shapes, minmay_shop_mass, nicolae_snake_mages_go_home
Orc:1:    layout_diamond_mine, lemuel_statue_altar, uniq_sonja, uniq_erica
Orc:2:    st_orc_ogre_mass, layout_diamond_mine, serial_shops, shop,
          dreamdust_deal_with_the_devil

Skill      XL: |  1  2  3  4  5  6  7  8  9 10 11 12 13 14 15 16 |
---------------+-------------------------------------------------+-----
Poison Magic   | 5 6 9 10 | 10.0
Air Magic      | 1 2 3 4 |  4.0
Spellcasting   | 3 5 6 8 10 | 10.1
Conjurations   | 3 4 |  4.0
Dodging        | 4 |  4.0
Fighting       | 3 8 |  8.0
Maces & Flails | 4 7 8 13 14 | 14.0
Stealth        | 8 |  8.0
Necromancy     | 5 10 14 15 | 15.0
Earth Magic    | 8 |  8.0
Ice Magic      | 5 10 | 10.0
Armour         | 4 |  4.2
Staves         | 4 |  4.5
Transmutations | |  1.0

Action                     |  1- 3 |  4- 6 |  7- 9 | 10-12 | 13-15 | 16-18 || total
---------------------------+-------+-------+-------+-------+-------+-------++-------
  Melee: Unarmed           |     2 |       |       |       |       |       ||     2
         Falchion          |    44 |     7 |       |       |       |       ||    51
         Flail             |       |   105 |   334 |   508 |  1167 |   342 ||  2456
         Punch             |       |     2 |     6 |     6 |    17 |    14 ||    45
         Constrict         |       |       |       |       |   171 |    64 ||   235
         Lajatang          |       |       |       |       |       |    27 ||    27
  Throw: Dart              |       |       |       |     2 |     4 |       ||     6
   Cast: Sting             |    67 |    58 |    23 |    11 |    10 |       ||   169
         Poisonous Vapours |     5 |    11 |    22 |    44 |    73 |       ||   155
         Olgreb's Toxic Ra |       |       |    12 |    78 |   105 |    30 ||   225
         Mephitic Cloud    |       |       |     1 |    10 |    28 |     3 ||    42
         Vampiric Draining |       |       |       |    19 |    35 |       ||    54
         Dispel Undead     |       |       |       |       |    10 |       ||    10
         Borgnjor's Vile C |       |       |       |       |     2 |     1 ||     3
         Simulacrum        |       |       |       |       |       |    26 ||    26
         Death Channel     |       |       |       |       |       |     8 ||     8
         Sublimation of Bl |       |       |       |       |       |     1 ||     1
 Invoke: Receive Forbidden |       |       |       |       |     1 |       ||     1
         Unearth Wretches  |       |       |       |       |       |     1 ||     1
Ability: Spit Poison       |     2 |       |       |       |       |       ||     2
  Evoke: Wand              |       |     1 |     2 |     5 |    11 |       ||    19
    Use: Scroll            |       |    10 |    11 |     6 |    12 |     1 ||    40
         Potion            |       |       |     3 |     4 |     9 |     3 ||    19
   Stab: Sleeping          |       |     3 |     6 |     3 |     6 |     2 ||    20
         Paralysed         |       |     2 |     7 |       |       |       ||     9
         Confused          |       |       |     1 |     4 |    13 |     4 ||    22
         Distracted        |       |       |       |     1 |       |     2 ||     3
 Armour: Robe              |    13 |    87 |   137 |       |       |       ||   237
         Steam dragon scal |       |       |    91 |   363 |   727 |       ||  1181
         Troll leather arm |       |       |       |       |   132 |   194 ||   326
  Dodge: Dodged            |    48 |    49 |   173 |   374 |   731 |   181 ||  1556
  Block: Other             |       |       |       |       |    39 |    12 ||    51

Table legend: (Time is in decaauts)
 A = Elapsed time spent in this place.
 B = Non-inter-level travel time spent in this place.
 C = Inter-level travel time spent in this place.
 D = Time resting spent in this place.
 E = Time spent auto-exploring this place.
 F = Levels seen in this place.
 G = Mean time per level.
                   A        B        C        D        E       F      G
               +--------+--------+--------+--------+--------+-----+--------+
         Total |  37575 |  36111 |   1464 |   3433 |  25115 |  25 | 1503.0 |
       Dungeon |  22421 |  21619 |    802 |   1619 |  15259 |  15 | 1494.7 |
        Temple |    134 |    134 |      0 |      0 |    108 |   1 |  134.0 |
          Lair |  12014 |  11539 |    475 |   1695 |   7864 |   5 | 2402.8 |
     Snake Pit |    347 |    347 |      0 |      0 |    254 |   1 |  347.0 |
  Orcish Mines |   1989 |   1804 |    185 |      0 |   1380 |   2 |  994.5 |
       Ossuary |    669 |    669 |      0 |    118 |    247 |   1 |  669.0 |
               +--------+--------+--------+--------+--------+-----+--------+

Top non-repeatable levels by time:
  Lair:3: 3199 daAuts
    D:11: 2893 daAuts
  Lair:4: 2624 daAuts
    D:12: 2471 daAuts
  Lair:1: 2183 daAuts
  Lair:2: 2073 daAuts
  Lair:5: 1933 daAuts
    D:14: 1769 daAuts
     D:7: 1653 daAuts
     D:2: 1556 daAuts
     D:8: 1520 daAuts
     D:4: 1351 daAuts
     D:1: 1331 daAuts
    D:13: 1285 daAuts
     D:5: 1281 daAuts
